 Dungeon Crawl Stone Soup version 0.24-a0-217-g1152973 (webtiles) character file.

Game seed: 15500410715917132076

1838 xeno23 the Covert (level 9, -6/59 HPs)
             Began as an Octopode Assassin on Mar 29, 2019.
             Was a Follower of Uskayaw.
             Killed by divine providence
             ... invoked by an orc priest
              (12 damage)
             ... on level 7 of the Dungeon.
             The game lasted 00:15:14 (5410 turns).

xeno23 the Covert (Octopode Assassin)               Turns: 5410, Time: 00:15:15

Health: -6/59      AC:  1    Str: 11    XL:     9   Next: 11%
Magic:  11/11      EV: 15    Int: 13    God:    Uskayaw [*.....]
Gold:   342        SH:  0    Dex: 16    Spells: 8/8 levels left

rFire    . . .     SeeInvis .   a - +2 dagger
rCold    . . .     Gourm    .   (no shield)
rNeg     . . .     Faith    .   (helmet restricted)
rPois    .         Spirit   .   (no amulet)
rElec    .         Reflect  .   m - +2 ring of slaying
rCorr    .         Harm     .   (no ring)
MR       .....                  (no ring)
Stlth    ++++++....             (no ring)
HPRegen  0.19/turn              (no ring)
MPRegen  0.12/turn              (no ring)
                                (no ring)
                                (no ring)

@: no status effects
A: almost no armour, stealthy swim, amphibious, 8 rings, constrict 8, camouflage
1, gelatinous body 1
a: Stomp, Renounce Religion


You were on level 7 of the Dungeon.
You worshipped Uskayaw.
Uskayaw was noncommittal.
You were not hungry.

You visited 2 branches of the dungeon, and saw 8 of its levels.

You collected 342 gold pieces.

Inventory:

Hand Weapons
 a - a +2 dagger (weapon)
 b - a +0 blowgun
 n - a +1 whip of venom
 v - a +0 hunting sling
Missiles
 c - 49 poisoned needles
 d - 2 curare-tipped needles
 h - 17 sling bullets
Jewellery
 m - a +2 ring of slaying (left tentacle)
 F - a cursed -3 ring of strength {unknown}
Wands
 D - a wand of disintegration (17)
Scrolls
 i - 3 scrolls of amnesia {unknown}
 k - a scroll of identify
 q - a scroll of immolation {unknown}
 r - 3 scrolls of noise {unknown}
 s - 3 scrolls of teleportation {unknown}
 t - a scroll of fear {unknown}
 u - 2 scrolls of magic mapping {unknown}
 w - a scroll of blinking {unknown}
 y - a scroll of remove curse {unknown}
 B - a scroll of enchant weapon {unknown}
Potions
 e - 3 potions of brilliance
 g - 2 potions of haste
 j - 3 potions of agility
 l - a potion of heal wounds
 o - a potion of cancellation
 p - 2 potions of curing
 x - a potion of invisibility
 z - 2 potions of ambrosia
 A - a potion of lignification {unknown}
 E - a potion of resistance {unknown}
Comestibles
 f - 15 rations
 C - 3 chunks of flesh


   Skills:
 + Level 4.6 Fighting
 * Level 6.1 Short Blades
 + Level 4.4 Throwing
 + Level 4.1 Dodging
 * Level 10.1 Stealth
 + Level 3.2 Invocations


You had 8 spell levels left.
You didn't know any spells.
Your spell library was empty.

Dungeon Overview and Level Annotations

Branches:
Dungeon (7/15)             Temple (1/1) D:4

Altars:
Ashenzari
Cheibriados
Dithmenos
Elyvilon
Fedhas
Gozag
Hepliaklqana
Makhleb
Nemelex Xobeh
Okawaru
Qazlal
Ru
Sif Muna
Uskayaw
Vehumet
Wu Jian
Xom
Yredelemnul
Zin

Annotations:
D:7 1 transporter


Innate Abilities, Weirdness & Mutations

You cannot wear most types of armour.
You are very stealthy in the water. (Stealth+)
You are amphibious.
You can wear up to eight rings at the same time.
You can use your tentacles to constrict eight enemies at once.
Your skin changes colour to match your surroundings (Stealth+).
Your rubbery body absorbs attacks. (AC +1, EV +1)


Message History

The ice beast is moderately wounded.
The ice beast hits you. The ice beast freezes you!
You take 16 damage.
You are too injured to fight recklessly!
There is an open door here.
There is an open door here.
A giant cockroach comes into view.
An orc priest comes into view.
The ice beast hits you. The ice beast freezes you!
* * * LOW HITPOINT WARNING * * *
You take 14 damage.
An orc, an orc wizard and a crimson imp come into view.
The orc wizard is wielding a +1 dagger of venom.
The orc wizard points at you and mumbles some strange words.
The magic dart hits you.
* * * LOW HITPOINT WARNING * * *
You take 6 damage.
The orc priest invokes the aid of Beogh against you.
Beogh smites you!
You die...

##### ## ##...## ##### .#
#####.....###..o.. .#
#..........#o..o# .#
####.............5.# .#
#.............#....#. .#
#.###.#.............. .# #.#
#.#.#..@#Y##.)## .#
#.###.#.#####.# ..##
.#####.#...#....s..##....
....##.#.###.#######...##
###.##.#.###.# ##.....##.# #
#.##.#.##..# ##.......#.#
###.##.......####..........##
................'...........
###.####.#.....##..........#


You could see an orc priest, an orc wizard and a crimson imp (sleeping).

Vanquished Creatures
  A hippogriff (D:7)
  Edmund (D:4)
  Duvessa (D:5)
  Purgy (D:4)
  An ice beast (D:5)
  A sky beast (D:3)
  A centaur (D:6)
  2 necrophages
  An ogre (D:7)
  A bullfrog (D:6)
  A scorpion (D:6)
  Dowan (D:5)
  4 orc wizards
  A jelly (D:7)
  4 hounds
  An orc priest (D:3)
  3 worker ants
  2 hound skeletons
  A howler monkey zombie (D:5)
  12 adders
  A shadow imp (D:5)
  2 oozes (D:1)
  2 worms
  4 dart slugs
  4 leopard geckos
  24 orcs
  A ball python (D:1)
  8 giant cockroaches
  11 hobgoblins
  3 jackals (D:2)
  2 quokkas
  10 bats
  4 frilled lizards
  14 goblins
  13 kobolds
  2 leopard gecko skeletons (D:5)
  A quokka zombie (D:6)
  10 rats
157 creatures vanquished.

Notes
Turn   | Place    | Note
-------+----------+-------------------------------------------
     0 | D:1      | xeno23 the Octopode Assassin began the quest for the Orb.
     0 | D:1      | Reached XP level 1. HP: 14/14 MP: 1/1
    55 | D:1      | Reached XP level 2. HP: 12/19 MP: 2/2
   277 | D:1      | Reached XP level 3. HP: 17/24 MP: 3/3
   279 | D:1      | Reached skill level 6 in Stealth
   761 | D:2      | Reached XP level 4. HP: 30/30 MP: 4/4
  1603 | D:2      | Reached XP level 5. HP: 35/35 MP: 5/5
  2014 | D:3      | Noticed a sky beast
  2177 | D:3      | Killed a sky beast
  2177 | D:3      | Reached skill level 7 in Stealth
  2177 | D:3      | Reached XP level 6. HP: 17/41 MP: 6/6
  2708 | D:4      | Noticed Edmund
  2711 | D:4      | Noticed Purgy
  2778 | D:4      | Found a staircase to the Ecumenical Temple.
  2786 | Temple   | Entered the Ecumenical Temple
  2875 | Temple   | Became a worshipper of Uskayaw the Reveler
  2969 | D:4      | Found a shadowy altar of Dithmenos.
  2989 | D:4      | Reached * piety under Uskayaw
  3014 | D:4      | Reached ** piety under Uskayaw
  3017 | D:4      | Reached *** piety under Uskayaw
  3277 | D:4      | Killed Purgy
  3277 | D:4      | Reached XP level 7. HP: 42/46 MP: 7/7
  3284 | D:4      | Killed Edmund
  3284 | D:4      | Reached skill level 8 in Stealth
  3284 | D:4      | Reached skill level 1 in Invocations
  3575 | D:5      | Entered Level 5 of the Dungeon
  3778 | D:5      | Reached **** piety under Uskayaw
  3846 | D:5      | Reached XP level 8. HP: 15/54 MP: 9/9
  4198 | D:5      | Noticed Duvessa
  4198 | D:5      | Noticed Dowan
  4200 | D:5      | Killed Dowan
  4200 | D:5      | Reached skill level 5 in Short Blades
  4225 | D:5      | Killed Duvessa
  4225 | D:5      | Reached skill level 9 in Stealth
  4997 | D:6      | Found a burning altar of Makhleb.
  5175 | D:6      | Found a deep blue altar of Sif Muna.
  5295 | D:7      | Reached XP level 9. HP: 43/59 MP: 11/11
  5358 | D:7      | Found a transporter.
  5360 | D:7      | Reached skill level 10 in Stealth
  5410 | D:7      | Killed from afar by an orc priest

Levels and vault maps discovered:
D:1:      nicolae_arrival_somewhat_less_tricky_arrival, layout_rooms,
          minmay_misc_feat_cross, minmay_misc_feat_room
D:2:      minmay_chambers_of_twos, layout_basic, first_ration
D:3:      layout_loops_ring
D:4:      layout_cave_pools, kennysheep_mini, temple_statues, sigmund_army,
          uniq_purgy, uniq_edmund
D:5:      layout_loops_ring, corexii_item_surrounded_by_moat, uniq_duvessa
D:6:      wander_river, layout_loops_ring, makhleb_blood_cavern_becter,
          led_sif_pool
D:7:      gammafunk_steamed_eel, layout_loops_corners
Temple:   minmay_crystal_spiral_temple

Skill      XL: |  1  2  3  4  5  6  7  8  9 |
---------------+----------------------------+-----
Stealth        | 6 7 8 9 10 | 10.1
Short Blades   | 3 4 5 6 |  6.1
Dodging        | 2 3 4 |  4.1
Fighting       | 3 4 |  4.6
Throwing       | 3 4 |  4.4
Invocations    | 1 3 |  3.2

Action                   |  1- 3 |  4- 6 |  7- 9 || total
-------------------------+-------+-------+-------++-------
Melee: Dagger            |    52 |    28 |   128 ||   208
       Tentacles         |     8 |    21 |    22 ||    51
       Constrict         |    12 |    40 |    23 ||    75
       Whip              |       |   106 |       ||   106
 Fire: Blowgun           |       |    12 |     2 ||    14
  Use: Scroll            |       |       |     8 ||     8
 Stab: Sleeping          |     8 |    28 |    20 ||    56
       Distracted        |       |     1 |       ||     1
       Paralysed         |       |       |     4 ||     4
  Eat: Chunk             |       |     7 |     7 ||    14
Armor: Skin              |     1 |     8 |     3 ||    12
Dodge: Dodged            |    20 |    88 |    54 ||   162

Table legend:
 A = Non-vault XP
 B = Vault XP
 C = Vault XP percentage of total XP
 D = Non-vault monster count
 E = Vault monster count
 F = Vault count percentage of total count
                 A         B        C        D         E       F
            +---------+---------+-------+---------+---------+-------
      Total |    1966 |     661 |  25.2 |     139 |      18 |  11.5
            +---------+---------+-------+---------+---------+-------
        D:1 |      52 |       0 |   0.0 |      23 |       0 |   0.0
        D:2 |     118 |      14 |  10.6 |      29 |       8 |  21.6
        D:3 |     324 |       0 |   0.0 |      32 |       0 |   0.0
        D:4 |      94 |     295 |  75.8 |      13 |       6 |  31.6
        D:5 |     522 |     214 |  29.1 |      25 |       2 |   7.4
        D:6 |     439 |     138 |  23.9 |      13 |       2 |  13.3
        D:7 |     417 |       0 |   0.0 |       4 |       0 |   0.0
            +---------+---------+-------+---------+---------+-------
